Map: Eternal Empire LE

Players

Spatz

  • Race: Protoss Protoss
  • League: Master
  • Spawn Location: 7:00

Kas - Winner!

  • Race: Terran Terran
  • League: Grandmaster
  • Spawn Location: 1:00

Event: DreamHack SC2 Masters 2020 Summer Europe

VOD

Have the link to the VOD?

Description

Time

  • Played on: July 4, 2020, 11:55 a.m.
  • Length: 15:04

All games in this series

Show
View Real Time Build Order
Export as new Build Order

Spatz Protoss 

Build Orders: 1 Gate Expand, Blink Stalkers 

Get SALT Encoding   

  12  0:00  Probe  
  13  0:13  Probe  
  14  0:17  Pylon  
  14  0:23  Probe  
  15  0:31  Probe  
  15  0:37  Gateway  
  15  0:40  Probe  
  16  0:46  Assimilator  
  17  0:51  Probe  
  18  1:03  Probe  
  19  1:15  Probe  
  20  1:25  Nexus  
  20  1:35  Cybernetics Core  
  20  1:39  Probe  
  21  1:50  Assimilator  
  21  1:51  Probe  
  22  1:56  Pylon  
  22  2:03  Probe  
  22  2:04  Stalker  
  23  2:12  Probe  
  23  2:14  Warp Gate  
  26  2:20  Probe  
  27  2:31  Twilight Council  
  27  2:35  Stalker  
  29  2:37  Probe  
  29  2:38  Probe  
  31  2:46  Probe  
  31  2:50  Probe  
  32  2:51  Blink  
  32  2:55  Probe  
  33  3:02  Probe  
  34  3:07  Probe  
  34  3:08  Gateway  
  37  3:13  Stalker  
  37  3:14  Probe  
  38  3:22  Probe  
  38  3:26  Probe  
  40  3:32  Robotics Facility  
  40  3:35  Probe  
  40  3:38  Probe  
  42  3:44  Pylon  
  42  3:47  Probe  
  43  3:50  Probe  
  43  3:52  Gateway  
  44  3:59  Probe  
  45  4:03  Stalker x2  
  45  4:07  Probe  
  45  4:09  Pylon  
  50  4:11  Probe  
  51  4:19  Probe, Observer  
  51  4:22  Assimilator  
  51  4:23  Probe  
  51  4:24  Assimilator  
  54  4:28  Stalker x2  
  58  4:32  Pylon  
  58  4:34  Probe  
  58  4:36  Probe  
  60  4:44  Observer  
  60  4:47  Probe  
  60  4:48  Probe  
  60  4:59  Probe  
  59  5:00  Probe  
  59  5:11  Probe  
  59  5:12  Probe  
  60  5:17  Shield Battery  
  60  5:18  Charge  
  60  5:19  Immortal  
  64  5:23  Probe  
  64  5:24  Probe, Stalker x2  
  64  5:27  Pylon  
  70  5:35  Probe  
  66  5:36  Probe  
  67  5:45  Robotics Bay  
  67  5:47  Probe  
  67  5:48  Probe  
  69  5:59  Probe, Nexus  
  69  6:00  Probe  
  71  6:05  Sentry, Gateway  
  71  6:07  Sentry  
  71  6:09  Sentry  
  77  6:13  Gateway  
  77  6:18  Gateway  
  77  6:19  Probe  
  78  6:26  Pylon  
  78  6:30  Pylon  
  78  6:37  Forge  
  78  6:39  Extended Thermal Lance  
  78  6:44  Probe  
  80  6:49  Stalker  
  80  6:50  Zealot  
  80  6:52  Zealot  
  85  6:54  Pylon  
  85  6:56  Colossus  
  85  7:04  Pylon x2, Protoss Ground Armor Level 1  
  85  7:06  Probe x2  
  87  7:10  Probe  
  87  7:14  Probe x2  
  94  7:18  Probe  
  94  7:21  Shield Battery  
  94  7:22  Probe  
  97  7:24  Probe  
  97  7:27  Probe  
  99  7:33  Probe  
  100  7:38  Probe  
  100  7:39  Colossus  
  105  7:51  Gateway  
  105  7:53  Gateway  
  105  7:56  Probe x2  
  105  7:57  Probe  
  108  8:07  Zealot x4  
  116  8:12  Templar Archives  
  116  8:14  Probe  
  116  8:15  Probe  
  117  8:25  Probe  
  117  8:26  Probe, Assimilator  
  119  8:27  Probe  
  119  8:28  Assimilator  
  119  8:31  Phoenix  
  120  8:34  Zealot x3  
  120  8:35  Zealot x2  
  120  8:37  Probe  
  131  8:41  Warp Prism  
  131  8:46  Pylon  
  133  8:51  Pylon  
  133  9:02  Pylon  
  133  9:06  Zealot x4  
  141  9:10  Zealot x4  
  141  9:11  Pylon  
  141  9:16  Pylon x2  
  135  9:33  Zealot x3  
  135  9:34  Zealot x4  
  135  9:36  Probe, Colossus  
  118  9:41  Probe  
  113  9:54  High Templar x4  
  113  9:57  Probe x2  
  123  10:02  Archon x2, High Templar x2  
  123  10:03  High Templar x2  
  131  10:16  Archon x2  
  131  10:18  Probe  
  131  10:27  Stalker x4  
  137  10:32  Probe  
  137  10:34  Probe  
  106  10:35  Probe  
  106  10:42  Zealot x3  
  90  10:45  Observer  
  86  10:53  High Templar x4  
  86  10:54  High Templar  
  96  10:58  Archon  
  96  10:59  Archon  
  90  11:04  High Templar  
  90  11:06  Stalker  
  90  11:07  Probe  
  90  11:08  Probe, Zealot  
  98  11:11  Archon  
  98  11:13  Probe  
  96  11:19  Probe  
  97  11:28  Stalker x2, Zealot x3  
  97  11:29  Sentry  
  97  11:31  Probe  
  106  11:34  Probe  
  87  11:40  Zealot x2  
  85  11:49  Zealot x3  
  85  11:51  Sentry  
  85  11:52  Zealot  
  85  11:54  Zealot  
  97  12:03  Zealot x2  
  85  12:12  Stalker x4, Colossus  
  81  12:19  Protoss Ground Armor Level 2  
  76  12:23  Probe x2  
  76  12:25  Probe  
  85  12:35  Probe  
  86  12:41  Zealot x4  
  86  12:43  Probe  
  95  12:46  Probe  
  95  12:48  Sentry x3  
  102  12:51  Zealot  
  102  12:56  Dark Shrine  
  102  12:57  Colossus  
  104  13:10  Zealot  
  104  13:11  Zealot x2  
  116  13:17  Stalker x2  
  114  13:21  Stalker  
  114  13:26  Stalker  
  113  13:27  Stalker  
  115  13:35  Stalker x2  
  113  13:45  Stalker x3  
  119  13:54  Disruptor  
  122  14:02  Zealot  
  122  14:03  Zealot x4  
  132  14:12  Zealot x3  
  132  14:21  Disruptor  
  132  14:24  Stalker x3  
  132  14:26  Zealot  
  137  14:39  Stalker x2  
Show
View Real Time Build Order
Export as new Build Order

Kas Terran - Winner!

Build Orders: Gas First Reaper Expand, Banshee Rush 

Get SALT Encoding   

  12  0:01  SCV  
  13  0:14  SCV  
  14  0:18  Supply Depot  
  14  0:26  SCV  
  15  0:33  Refinery  
  15  0:39  SCV  
  16  0:45  Barracks  
  16  0:52  SCV  
  17  1:04  SCV  
  18  1:16  SCV  
  19  1:32  Reaper, Orbital Command  
  20  1:46  Command Center  
  20  1:57  Factory  
  20  2:02  SCV  
  21  2:11  Refinery  
  21  2:13  Barracks Reactor  
  21  2:14  SCV  
  22  2:20  Supply Depot  
  22  2:29  SCV  
  23  2:43  Hellion, Starport  
  25  2:47  SCV  
  25  2:49  Marine x2  
  28  2:59  Orbital Command  
  28  3:02  SCV  
  28  3:05  Factory Tech Lab  
  29  3:09  Marine  
  29  3:11  Marine  
  31  3:15  SCV  
  32  3:25  SCV  
  33  3:28  Cloaking Field, Banshee  
  33  3:31  Factory Tech Lab  
  33  3:34  SCV  
  37  3:37  SCV  
  38  3:41  Supply Depot  
  38  3:44  Marine x2  
  38  3:46  SCV  
  41  3:49  SCV  
  41  3:53  Siege Tank  
  45  3:58  SCV, Supply Depot  
  46  4:03  Marine x2  
  46  4:05  SCV  
  49  4:11  Banshee  
  49  4:14  SCV  
  53  4:17  SCV  
  54  4:25  Marine  
  54  4:26  SCV, Marine  
  54  4:29  SCV  
  54  4:30  Supply Depot  
  58  4:33  Siege Tank  
  61  4:38  SCV  
  61  4:39  Supply Depot  
  62  4:51  SCV  
  63  4:58  SCV  
  64  5:01  Marine x2  
  66  5:07  Siege Tank  
  66  5:08  SCV  
  66  5:11  Barracks  
  66  5:12  Barracks  
  66  5:13  SCV  
  68  5:20  SCV, Bunker, Marine x2  
  71  5:22  Refinery  
  71  5:23  Engineering Bay  
  71  5:24  Supply Depot  
  71  5:25  SCV  
  72  5:32  SCV  
  70  5:38  SCV, Raven  
  70  5:41  Refinery  
  70  5:44  SCV, Marine x2  
  70  5:48  Supply Depot  
  73  5:50  SCV  
  73  5:53  Missile Turret  
  73  5:54  Siege Tank  
  73  5:56  SCV  
  78  5:59  Barracks Tech Lab  
  78  6:00  Marine  
  78  6:02  SCV, Marine x2  
  82  6:08  Terran Infantry Weapons Level 1  
  82  6:17  Stimpack  
  82  6:18  Marine  
  83  6:19  Marine  
  83  6:21  Command Center  
  84  6:30  Marauder  
  86  6:37  SCV x2, Starport Reactor  
  88  6:42  Barracks x2  
  88  6:43  Factory Reactor, Marine x2  
  90  6:49  SCV x2, Marauder  
  94  6:54  Combat Shield  
  94  7:05  Supply Depot  
  94  7:09  Supply Depot  
  94  7:10  Supply Depot  
  94  7:13  Supply Depot  
  94  7:14  Supply Depot  
  94  7:27  Marauder x2, Widow Mine x2  
  102  7:30  SCV, Medivac x2, Marine x2  
  102  7:31  SCV  
  102  7:35  Orbital Command  
  112  7:37  Marauder  
  112  7:43  SCV  
  113  7:48  Marauder x2, Marine x2  
  113  7:50  SCV  
  120  7:54  Marine, Starport  
  120  7:57  Concussive Shells, Factory Reactor  
  120  7:58  Marauder  
  123  8:01  Medivac x2  
  126  8:07  Orbital Command  
  126  8:10  Marauder  
  128  8:15  Marauder, Marine x2  
  128  8:19  Marauder  
  135  8:20  SCV x2  
  135  8:22  Terran Infantry Armor Level 1  
  135  8:25  Marine x2  
  138  8:31  Marauder  
  138  8:32  SCV  
  139  8:34  SCV  
  139  8:37  Marauder  
  139  8:38  Marine x2  
  139  8:40  SCV  
  139  8:41  Viking, Marauder  
  147  8:45  Refinery x2  
  147  8:46  Supply Depot  
  147  8:48  Viking, Supply Depot, SCV  
  149  8:52  Marauder  
  154  8:57  Marine x2  
  154  8:58  Marine  
  157  9:07  SCV, Marine  
  157  9:08  Marauder x2  
  163  9:14  Viking, Supply Depot, Marauder  
  163  9:15  Supply Depot, Marine x2  
  169  9:20  Viking  
  169  9:23  SCV x2  
  173  9:27  Supply Depot  
  173  9:31  Marauder  
  160  9:42  Marauder  
  160  9:44  SCV x2  
  160  9:45  Armory, Engineering Bay  
  161  9:47  Ghost Academy  
  161  9:54  Marauder x2, Liberator x2  
  161  9:56  Marine  
  161  9:57  Marine  
  174  10:00  SCV x2  
  174  10:04  Marauder  
  177  10:17  Ghost x2  
  177  10:20  Marine x4  
  185  10:21  Command Center  
  185  10:24  Marine  
  157  10:39  Marine x3  
  157  10:42  Ghost  
  144  10:46  Ghost  
  144  10:47  Marauder  
  144  10:48  SCV x2  
  144  10:49  SCV  
  151  10:53  Terran Infantry Armor Level 2, Terran Infantry Weapons Level 2  
  147  11:05  Marine x2  
  147  11:06  Liberator  
  147  11:08  Marauder  
  156  11:11  Marauder  
  156  11:15  Marauder  
  158  11:19  Terran Ship Weapons Level 1  
  156  11:29  Marauder  
  156  11:30  Marine x3  
  156  11:33  Marauder  
  156  11:35  Barracks x2  
  156  11:36  Marauder  
  156  11:37  Enhanced Shockwaves  
  156  11:38  Barracks  
  145  11:46  Marine  
  140  11:47  SCV x2  
  140  11:48  Marine x2  
  140  11:51  Medivac, Marauder, Sensor Tower  
  140  11:52  Unknown, Liberator  
  140  11:53  Liberator  
  156  11:54  Marauder  
  156  11:56  Marine  
  156  11:58  Marauder  
  159  12:03  Marine  
  153  12:12  Marauder, Marine  
  148  12:15  Marauder  
  148  12:19  Marauder  
  148  12:23  Barracks Tech Lab  
  148  12:24  Barracks Tech Lab  
  148  12:25  Medivac  
  148  12:26  Medivac  
  148  12:27  Marine, Barracks Tech Lab  
  148  12:29  Marine x2  
  153  12:31  Planetary Fortress  
  153  12:34  Marauder  
  153  12:35  Viking  
  157  12:37  Marauder  
  157  12:43  Ghost x2  
  161  12:44  Marauder  
  163  12:51  Missile Turret  
  163  12:52  Command Center  
  163  12:55  Marauder  
  167  12:58  Marauder  
  167  13:01  Marine  
  167  13:02  Marauder, Marine x2  
  172  13:06  Marauder  
  173  13:18  Command Center  
  169  13:26  Medivac x2  
  173  13:32  Marauder  
  171  13:41  Ghost x2  
  171  13:45  Viking x2  
  179  13:49  Marauder x3, Marine x2  
  186  14:04  Marauder  
  186  14:05  Marine x2  
  186  14:07  Viking x2, Marine  
  195  14:10  Marauder x2  
  198  14:19  Viking  
  200  14:28  Fusion Core  
Tags
 
Add a new tag
Caveats
  • Supply blocks, unpowered buildings, or Contaminate may cause inaccurate times.
  • Supply counts are checked every 10 seconds.